General information
- name: BNet
- type: Ladder team game (AT/RT)
- host: Battle.net
- saver: bumponalog
map: FullScaleAssault
- players: 8
- length: 28:22
- speed: Fast
- version: 1.28 W3XP
- replay type: Public
» download(332 KB)
Players
team 1 (winner)

»
Da_FUQ (
green | 100 APM | 2844 actions | 28:20)
8 Mountain King
3 Storm Bolt
3 Bash
1 Avatar
1 Thunder Clap
» actions
Assign group hotkey | 39 | |
Basic commands | 9 | |
Build / train | 111 | |
Enter build submenu | 23 | |
Enter hero's abilities submenu | 8 | |
Give item / drop item | 2 | |
Right click | 780 | |
Select / deselect | 612 | |
Select group hotkey | 1140 | |
Use ability | 120 | |
2844 total
» units
Peasant | 20 | |
Footman | 8 | |
Gryphon Rider | 20 | |
Flying Machine | 15 | |
63 total
» upgrades
Defend | 1 | |
Storm Hammers | 1 | |
Swords | 2 | |
Flak Cannons | 1 | |
5 total
» buildings
Altar of Kings | 1 | |
Farm | 12 | |
Barracks | 1 | |
Lumber Mill | 1 | |
Arcane Vault | 1 | |
Keep | 1 | |
Town Hall | 1 | |
Scout Tower | 7 | |
Guard Tower | 3 | |
Blacksmith | 1 | |
Castle | 1 | |
Gryphon Aviary | 3 | |
Workshop | 2 | |
35 total
» build order
00:07 Altar of Kings
00:19 Farm
00:35 Barracks
00:37 Farm
01:53 Farm
03:14 Lumber Mill
04:25 Arcane Vault
04:36 Keep
05:31 Town Hall
05:35 Scout Tower
05:36 Scout Tower
06:07 Guard Tower
07:21 Blacksmith
07:47 Castle
08:02 Farm
08:04 Farm
08:05 Farm
08:05 Farm
08:06 Farm
08:42 Scout Tower
08:43 Scout Tower
08:44 Scout Tower
08:45 Scout Tower
08:46 Scout Tower
09:11 Gryphon Aviary
09:12 Gryphon Aviary
09:13 Gryphon Aviary
09:27 Guard Tower
11:22 Farm
11:24 Farm
11:29 Guard Tower
13:28 Farm
13:30 Farm
22:11 Workshop
22:17 Workshop
» items
Scroll of Regeneration | 6 | |
Lesser Clarity Potion | 6 | |
Potion of Healing | 2 | |
Scroll of Town Portal | 5 | |
Potion of Mana | 2 | |
Potion of Lesser Invulnerability | 4 | |
Scroll of Healing | 3 | |
Scroll of Protection | 1 | |
29 total

»
_______________ (
teal | 80 APM | 2270 actions | 28:20)
5 Beastmaster
2 Summon Quilbeast
3 Summon Hawk
5 Firelord
2 Soul Burn
3 Summon Lava Spawn
» actions
Assign group hotkey | 53 | |
Basic commands | 37 | |
Build / train | 125 | |
ESC pressed | 3 | |
Enter build submenu | 26 | |
Enter hero's abilities submenu | 10 | |
Give item / drop item | 3 | |
Right click | 1009 | |
Select / deselect | 512 | |
Select group hotkey | 372 | |
Use ability | 120 | |
2270 total
» units
Wisp | 36 | |
Archer | 7 | |
Goblin Zeppelin | 1 | |
Dryad | 1 | |
Chimaera | 6 | |
Hippogryph | 3 | |
Druid of the Claw | 1 | |
Druid of the Talon | 4 | |
59 total
» upgrades
Strength of the Moon | 5 | |
Moon Armor | 5 | |
Ultravision | 1 | |
Strength of the Wild | 3 | |
Reinforced Hides | 3 | |
Druid of the Talon Training | 2 | |
Hippogryph Taming | 1 | |
Abolish Magic | 1 | |
Druid of the Claw Training | 2 | |
Improved Bows | 1 | |
Corrosive Breath | 1 | |
Hardened Skin | 1 | |
Resistant Skin | 1 | |
Nature's Blessing | 1 | |
Mark of the Talon | 1 | |
Mark of the Claw | 1 | |
Well Spring | 1 | |
31 total
» buildings
Moon Well | 8 | |
Ancient of War | 1 | |
Altar of Elders | 1 | |
Hunter's Hall | 2 | |
Ancient of Wonders | 1 | |
Tree of Ages | 1 | |
Ancient of Wind | 2 | |
Ancient of Lore | 2 | |
Tree of Eternity | 1 | |
Tree of Life | 1 | |
Ancient Protector | 2 | |
Chimaera Roost | 2 | |
24 total
» build order
00:43 Moon Well
01:21 Ancient of War
01:25 Altar of Elders
01:49 Moon Well
02:41 Hunter's Hall
02:44 Hunter's Hall
04:30 Moon Well
04:39 Ancient of Wonders
05:58 Tree of Ages
08:26 Ancient of Wind
08:30 Ancient of Wind
08:33 Ancient of Lore
08:35 Ancient of Lore
08:48 Moon Well
11:43 Tree of Eternity
12:24 Tree of Life
12:39 Ancient Protector
12:44 Ancient Protector
14:07 Chimaera Roost
14:10 Chimaera Roost
18:49 Moon Well
18:49 Moon Well
24:46 Moon Well
24:46 Moon Well
» items
Scroll of Town Portal | 4 | |
Scroll of Regeneration | 3 | |
Potion of Healing | 1 | |
8 total
ffffff (
red | 103 APM | 2923 actions | 28:20)
7 Mountain King
3 Storm Bolt
3 Bash
1 Avatar
5 Paladin
2 Divine Shield
3 Holy Light
» actions
Assign group hotkey | 86 | |
Basic commands | 185 | |
Build / train | 124 | |
ESC pressed | 3 | |
Enter build submenu | 40 | |
Enter hero's abilities submenu | 12 | |
Give item / drop item | 2 | |
Right click | 970 | |
Select / deselect | 597 | |
Select group hotkey | 750 | |
Use ability | 154 | |
2923 total
» units
Peasant | 15 | |
Footman | 6 | |
Rifleman | 11 | |
Goblin Zeppelin | 1 | |
Goblin Shredder | 1 | |
Knight | 3 | |
Gryphon Rider | 5 | |
42 total
» upgrades
Defend | 1 | |
Long Rifles | 1 | |
Gunpowder | 2 | |
Armor | 4 | |
Plating | 3 | |
Animal War Training | 1 | |
Storm Hammers | 1 | |
Swords | 2 | |
15 total
» buildings
Altar of Kings | 1 | |
Farm | 12 | |
Barracks | 7 | |
Town Hall | 3 | |
Arcane Vault | 1 | |
Keep | 1 | |
Blacksmith | 1 | |
Lumber Mill | 1 | |
Castle | 2 | |
Gryphon Aviary | 2 | |
Scout Tower | 19 | |
Guard Tower | 14 | |
64 total
» build order
00:07 Altar of Kings
00:44 Farm
01:04 Barracks
01:08 Farm
01:34 Farm
02:29 Farm
03:36 Town Hall
04:39 Arcane Vault
05:17 Keep
05:45 Farm
06:35 Barracks
06:35 Barracks
06:35 Barracks
06:36 Barracks
06:37 Barracks
06:38 Barracks
06:43 Blacksmith
07:14 Farm
07:15 Farm
07:15 Farm
07:34 Town Hall
12:41 Lumber Mill
13:40 Castle
13:40 Castle
16:14 Gryphon Aviary
16:14 Gryphon Aviary
17:26 Farm
17:29 Farm
17:30 Farm
17:30 Farm
21:55 Scout Tower
21:56 Scout Tower
21:56 Scout Tower
24:21 Guard Tower
24:22 Guard Tower
24:27 Scout Tower
24:27 Scout Tower
24:27 Scout Tower
24:28 Scout Tower
24:28 Scout Tower
24:28 Scout Tower
24:28 Scout Tower
24:50 Town Hall
25:05 Guard Tower
25:06 Guard Tower
25:07 Guard Tower
25:07 Guard Tower
25:07 Guard Tower
25:39 Guard Tower
25:39 Guard Tower
25:56 Scout Tower
25:57 Scout Tower
26:00 Scout Tower
26:02 Scout Tower
26:13 Guard Tower
26:13 Guard Tower
26:53 Guard Tower
26:55 Scout Tower
28:06 Guard Tower
28:06 Guard Tower
28:07 Scout Tower
28:07 Scout Tower
28:10 Scout Tower
28:10 Scout Tower
» items
Scroll of Regeneration | 5 | |
Lesser Clarity Potion | 5 | |
Scroll of Healing | 5 | |
Scroll of Protection | 4 | |
Potion of Lesser Invulnerability | 2 | |
Scroll of Town Portal | 3 | |
Boots of Speed | 1 | |
Potion of Healing | 1 | |
Potion of Mana | 2 | |
28 total
bumponalog (
orange | 32 APM | 913 actions | 28:22)
» actions
Assign group hotkey | 3 | |
Basic commands | 2 | |
Build / train | 79 | |
Enter build submenu | 83 | |
Right click | 232 | |
Select / deselect | 354 | |
Select group hotkey | 1 | |
Use ability | 158 | |
913 total
» units
Peasant | 24 | |
Goblin Shredder | 2 | |
Goblin Zeppelin | 2 | |
Goblin Sapper | 3 | |
Blue Dragon | 1 | |
32 total
» upgrades
» buildings
Lumber Mill | 3 | |
Scout Tower | 111 | |
Arcane Tower | 2 | |
Guard Tower | 39 | |
Keep | 1 | |
Farm | 8 | |
Altar of Kings | 1 | |
Arcane Vault | 3 | |
Castle | 1 | |
Town Hall | 2 | |
Arcane Sanctum | 1 | |
Blacksmith | 1 | |
173 total
» build order
01:21 Lumber Mill
01:24 Lumber Mill
01:29 Scout Tower
01:33 Scout Tower
01:38 Scout Tower
01:42 Scout Tower
01:46 Scout Tower
01:48 Scout Tower
01:53 Scout Tower
01:59 Scout Tower
02:05 Scout Tower
02:09 Scout Tower
02:13 Arcane Tower
02:36 Guard Tower
02:52 Guard Tower
04:01 Keep
04:03 Guard Tower
04:12 Guard Tower
04:20 Guard Tower
04:20 Guard Tower
05:22 Farm
05:25 Farm
05:26 Farm
05:28 Farm
05:30 Farm
05:38 Farm
06:32 Farm
07:15 Scout Tower
07:16 Scout Tower
07:18 Scout Tower
07:22 Scout Tower
07:23 Scout Tower
07:24 Scout Tower
07:27 Scout Tower
07:28 Scout Tower
07:29 Scout Tower
07:32 Scout Tower
07:33 Scout Tower
07:34 Scout Tower
07:35 Scout Tower
07:40 Altar of Kings
07:46 Guard Tower
07:50 Arcane Vault
07:55 Arcane Vault
07:59 Guard Tower
08:07 Guard Tower
08:14 Scout Tower
08:16 Scout Tower
08:16 Scout Tower
08:18 Scout Tower
08:22 Scout Tower
08:43 Scout Tower
08:44 Scout Tower
08:45 Scout Tower
08:46 Scout Tower
08:47 Scout Tower
08:51 Scout Tower
08:52 Scout Tower
08:53 Scout Tower
08:54 Scout Tower
09:03 Guard Tower
09:07 Guard Tower
09:13 Guard Tower
09:21 Guard Tower
09:28 Guard Tower
09:42 Guard Tower
09:47 Guard Tower
12:16 Guard Tower
12:18 Castle
12:21 Guard Tower
12:35 Scout Tower
12:37 Scout Tower
12:40 Scout Tower
12:45 Scout Tower
12:46 Scout Tower
12:50 Scout Tower
12:53 Scout Tower
12:54 Scout Tower
12:55 Scout Tower
12:56 Scout Tower
13:00 Scout Tower
13:01 Scout Tower
13:02 Scout Tower
13:02 Scout Tower
13:22 Scout Tower
13:23 Scout Tower
13:24 Scout Tower
13:27 Scout Tower
13:29 Scout Tower
13:31 Scout Tower
13:33 Scout Tower
13:37 Scout Tower
13:39 Scout Tower
13:40 Scout Tower
13:42 Scout Tower
13:43 Scout Tower
13:45 Scout Tower
13:46 Scout Tower
13:48 Scout Tower
13:49 Scout Tower
13:50 Scout Tower
13:52 Scout Tower
13:53 Scout Tower
14:04 Town Hall
15:46 Guard Tower
15:53 Guard Tower
16:00 Guard Tower
16:36 Guard Tower
16:43 Guard Tower
16:51 Guard Tower
16:53 Guard Tower
16:53 Guard Tower
16:54 Guard Tower
16:57 Guard Tower
16:58 Guard Tower
16:58 Guard Tower
17:04 Arcane Vault
17:08 Scout Tower
17:09 Scout Tower
17:10 Scout Tower
17:10 Scout Tower
17:11 Scout Tower
17:12 Scout Tower
17:14 Scout Tower
17:15 Scout Tower
17:18 Scout Tower
17:19 Scout Tower
17:19 Scout Tower
17:30 Guard Tower
17:54 Guard Tower
18:12 Lumber Mill
19:11 Arcane Sanctum
19:28 Guard Tower
19:32 Scout Tower
19:32 Scout Tower
19:33 Scout Tower
19:33 Scout Tower
19:35 Scout Tower
19:36 Scout Tower
19:36 Scout Tower
19:50 Guard Tower
20:11 Farm
20:26 Guard Tower
21:27 Guard Tower
21:54 Scout Tower
21:54 Scout Tower
21:56 Scout Tower
21:57 Scout Tower
22:04 Scout Tower
22:04 Scout Tower
22:39 Scout Tower
22:39 Scout Tower
22:39 Scout Tower
22:40 Scout Tower
22:40 Scout Tower
22:41 Scout Tower
22:41 Scout Tower
24:10 Guard Tower
24:14 Town Hall
24:25 Scout Tower
24:26 Scout Tower
24:29 Scout Tower
24:29 Scout Tower
24:29 Scout Tower
24:30 Scout Tower
26:55 Guard Tower
26:57 Scout Tower
26:57 Scout Tower
26:58 Scout Tower
26:59 Scout Tower
27:16 Blacksmith
27:27 Guard Tower
27:56 Arcane Tower
team 2 (loser)
Superpredator98 (
purple | 63 APM | 1790 actions | 28:12)
5 Death Knight
3 Death Coil
2 Unholy Aura
5 Lich
3 Frost Nova
2 Frost Armor
» actions
Assign group hotkey | 42 | |
Build / train | 74 | |
Enter build submenu | 19 | |
Enter hero's abilities submenu | 10 | |
Give item / drop item | 6 | |
Remove unit from queue | 3 | |
Right click | 791 | |
Select / deselect | 436 | |
Select group hotkey | 292 | |
Use ability | 117 | |
1790 total
» units
Acolyte | 9 | |
Ghoul | 5 | |
Crypt Fiend | 8 | |
Obsidian Statue | 13 | |
Abomination | 1 | |
Gargoyle | 4 | |
40 total
» upgrades
Burrow | 1 | |
Web | 1 | |
Destroyer Form | 1 | |
Creature Attack | 1 | |
Creature Carapace | 1 | |
5 total
» buildings
Altar of Darkness | 1 | |
Ziggurat | 6 | |
Crypt | 1 | |
Graveyard | 1 | |
Tomb of Relics | 1 | |
Halls of the Dead | 1 | |
Nerubian Tower | 1 | |
Black Citadel | 1 | |
Slaughterhouse | 3 | |
Sacrificial Pit | 1 | |
Necropolis | 1 | |
18 total
» build order
00:08 Altar of Darkness
00:15 Ziggurat
00:33 Crypt
00:50 Graveyard
01:21 Tomb of Relics
01:36 Ziggurat
03:22 Halls of the Dead
03:43 Ziggurat
04:43 Nerubian Tower
05:51 Black Citadel
05:55 Slaughterhouse
05:56 Slaughterhouse
06:48 Slaughterhouse
09:05 Ziggurat
09:06 Ziggurat
12:08 Sacrificial Pit
12:58 Necropolis
21:02 Ziggurat
» items
Rod of Necromancy | 1 | |
Scroll of Town Portal | 4 | |
Orb of Corruption | 1 | |
Scroll of Healing | 2 | |
Potion of Lesser Invulnerability | 2 | |
Potion of Healing | 1 | |
11 total

»
Artax707 (
pink | 73 APM | 2073 actions | 28:20)
6 Tauren Chieftain
2 War Stomp
3 Endurance Aura
1 Reincarnation
4 Shadow Hunter
2 Hex
2 Healing Wave
» actions
Assign group hotkey | 48 | |
Basic commands | 115 | |
Build / train | 90 | |
Enter build submenu | 21 | |
Enter hero's abilities submenu | 10 | |
Give item / drop item | 5 | |
Remove unit from queue | 1 | |
Right click | 635 | |
Select / deselect | 455 | |
Select group hotkey | 539 | |
Use ability | 154 | |
2073 total
» units
Peon | 14 | |
Grunt | 5 | |
Goblin Shredder | 1 | |
Goblin Zeppelin | 1 | |
Shaman | 6 | |
Tauren | 9 | |
Troll Witch Doctor | 5 | |
Spirit Walker | 1 | |
42 total
» upgrades
Melee Weapons | 3 | |
Armor | 3 | |
Berserker Strength | 1 | |
Shaman Training | 2 | |
Witch Doctor Training | 2 | |
Pulverize | 1 | |
Spiked Barricades | 2 | |
Spirit Walker Training | 2 | |
Reinforced Defenses | 1 | |
17 total
» buildings
Orc Burrow | 8 | |
Altar of Storms | 1 | |
Barracks | 1 | |
Voodoo Lounge | 1 | |
War Mill | 1 | |
Great Hall | 1 | |
Watch Tower | 10 | |
Stronghold | 1 | |
Fortress | 1 | |
Spirit Lodge | 2 | |
Tauren Totem | 2 | |
Beastiary | 1 | |
30 total
» build order
00:16 Orc Burrow
00:31 Altar of Storms
00:40 Barracks
01:32 Orc Burrow
01:59 Voodoo Lounge
02:22 Orc Burrow
02:58 War Mill
05:29 Great Hall
05:31 Watch Tower
05:32 Watch Tower
05:33 Watch Tower
05:36 Watch Tower
05:36 Watch Tower
06:00 Stronghold
09:59 Fortress
11:19 Watch Tower
11:20 Watch Tower
11:25 Spirit Lodge
11:26 Spirit Lodge
12:23 Watch Tower
12:25 Watch Tower
12:32 Tauren Totem
12:32 Tauren Totem
12:38 Orc Burrow
12:38 Orc Burrow
13:34 Watch Tower
13:49 Orc Burrow
16:19 Orc Burrow
20:55 Orc Burrow
25:38 Beastiary
» items
Healing Salve | 4 | |
Lesser Clarity Potion | 5 | |
Scroll of Town Portal | 2 | |
Orb of Lightning | 1 | |
Potion of Healing | 3 | |
Scroll of Regeneration | 1 | |
16 total

»
CSR (
blue | 81 APM | 2259 actions | 28:00)
6 Death Knight
3 Death Coil
2 Unholy Aura
1 Animate Dead
5 Lich
3 Frost Nova
2 Frost Armor
» actions
Assign group hotkey | 78 | |
Build / train | 85 | |
ESC pressed | 12 | |
Enter build submenu | 26 | |
Enter hero's abilities submenu | 11 | |
Give item / drop item | 11 | |
Right click | 1168 | |
Select / deselect | 400 | |
Select group hotkey | 362 | |
Use ability | 105 | |
2259 total
» units
Acolyte | 13 | |
Ghoul | 6 | |
Crypt Fiend | 10 | |
Frost Wyrm | 5 | |
Gargoyle | 6 | |
40 total
» upgrades
Creature Attack | 2 | |
Creature Carapace | 3 | |
Web | 1 | |
Freezing Breath | 1 | |
7 total
» buildings
Graveyard | 1 | |
Crypt | 3 | |
Altar of Darkness | 1 | |
Ziggurat | 11 | |
Tomb of Relics | 1 | |
Halls of the Dead | 4 | |
Black Citadel | 1 | |
Sacrificial Pit | 1 | |
Boneyard | 2 | |
Necropolis | 1 | |
26 total
» build order
00:16 Graveyard
00:20 Crypt
00:29 Altar of Darkness
00:46 Ziggurat
01:09 Ziggurat
01:19 Tomb of Relics
04:02 Halls of the Dead
04:27 Ziggurat
04:58 Ziggurat
05:34 Halls of the Dead
05:35 Halls of the Dead
05:35 Halls of the Dead
06:39 Ziggurat
08:23 Black Citadel
10:02 Sacrificial Pit
10:32 Ziggurat
13:34 Boneyard
13:42 Boneyard
16:07 Ziggurat
16:08 Ziggurat
16:40 Ziggurat
17:25 Crypt
25:16 Necropolis
25:20 Ziggurat
25:22 Ziggurat
25:34 Crypt
» items
Rod of Necromancy | 2 | |
Dust of Appearance | 1 | |
Scroll of Town Portal | 6 | |
Orb of Corruption | 3 | |
Potion of Healing | 1 | |
Scroll of Protection | 2 | |
Scroll of Healing | 1 | |
16 total
Kiki1990 (
yellow | 52 APM | 1456 actions | 27:55)
4 Mountain King
2 Storm Bolt
1 Bash
1 Thunder Clap
4 Paladin
1 Holy Light
1 Devotion Aura
2 Divine Shield
» actions
Assign group hotkey | 20 | |
Build / train | 82 | |
Enter build submenu | 40 | |
Enter hero's abilities submenu | 8 | |
Give item / drop item | 1 | |
Remove unit from queue | 5 | |
Right click | 631 | |
Select / deselect | 453 | |
Select group hotkey | 145 | |
Use ability | 71 | |
1456 total
» units
Peasant | 16 | |
Rifleman | 15 | |
Blue Dragon | 1 | |
Mortar Team | 5 | |
Dragonhawk Rider | 2 | |
39 total
» upgrades
Gunpowder | 2 | |
Lumber Harvesting | 2 | |
Long Rifles | 1 | |
Armor | 1 | |
Masonry | 1 | |
Cloud | 1 | |
8 total
» buildings
Farm | 13 | |
Altar of Kings | 1 | |
Barracks | 1 | |
Blacksmith | 1 | |
Scout Tower | 13 | |
Lumber Mill | 1 | |
Arcane Vault | 1 | |
Guard Tower | 7 | |
Keep | 1 | |
Town Hall | 2 | |
Castle | 1 | |
Gryphon Aviary | 2 | |
Workshop | 1 | |
45 total
» build order
00:04 Farm
00:08 Altar of Kings
01:15 Barracks
01:32 Blacksmith
01:38 Farm
02:19 Scout Tower
02:22 Lumber Mill
02:55 Scout Tower
03:12 Farm
03:27 Scout Tower
04:12 Farm
04:18 Arcane Vault
04:58 Guard Tower
05:50 Keep
06:43 Farm
06:49 Town Hall
10:40 Town Hall
11:28 Farm
12:07 Farm
12:46 Scout Tower
13:09 Scout Tower
13:12 Scout Tower
13:22 Guard Tower
13:43 Guard Tower
13:45 Scout Tower
13:47 Scout Tower
13:52 Scout Tower
14:16 Guard Tower
14:18 Scout Tower
14:44 Guard Tower
14:46 Guard Tower
16:37 Castle
16:46 Scout Tower
17:13 Scout Tower
17:16 Scout Tower
17:28 Gryphon Aviary
17:33 Gryphon Aviary
19:32 Workshop
19:35 Farm
20:03 Guard Tower
24:30 Farm
24:57 Farm
25:11 Farm
25:36 Farm
26:14 Farm
» items
Scroll of Regeneration | 6 | |
Scroll of Town Portal | 3 | |
Potion of Mana | 1 | |
Potion of Healing | 1 | |
11 total
Chat log
(03:37 / Allies) _______________: not a td orange
(03:55 / Allies) ffffff: 3bd4
(03:58 / Allies) ffffff: 3vs4
(04:13 / Allies) _______________: go play a td
(04:16 / Allies) _______________: plenty out ther
(04:18 / Allies) Da_FUQ: so lets push soon
(04:52 / Allies) Da_FUQ: mb he just tech :)
(06:26 / Allies) ffffff: and he took shredder lol
(06:27 / Allies) ffffff: fck
(06:39 / Allies) Da_FUQ: he has to have gr8 plan
(06:48 / Allies) ffffff: im fkced i wont have wood
(06:52 / Allies) ffffff: and he wont do anything
(06:55 / Allies) _______________: i give
(06:59 / Allies) ffffff: i mass rifle and leave
(07:03 / Allies) _______________: got a lot of wisps
(07:18 / Allies) ffffff: do unit
(08:22 / Allies) ffffff: keep ur gold
(08:23 / Allies) ffffff: i rifle
(08:25 / Allies) ffffff: wood
(10:16 / Allies) _______________: all of them
(10:18 / Allies) _______________: b
(11:14 / Allies) ffffff: teal
(11:16 / Allies) ffffff: get expo fast
(11:25 / Allies) ffffff: i clear for u ok
(11:29 / Allies) _______________: k
(11:43 / Allies) ffffff: but teak it fast
(12:46 / Allies) Da_FUQ: go?
(12:55 / Allies) Da_FUQ: w8 me
(13:23 / Allies) Da_FUQ: w8
(13:45 / Allies) _______________: they just need a zeppelin to get past that orange
(13:52 / Allies) Da_FUQ: just play
(14:08 / Allies) Da_FUQ: kill blue dk
(14:19 / Allies) Da_FUQ: prpl
(14:57 / Allies) _______________: wow
(15:02 / Allies) _______________: ty
(15:19 / Allies) Da_FUQ: TC
(15:31 / Allies) _______________: me b
(15:36 / Allies) _______________: b
(16:21 / Allies) _______________: chims soon
(16:42 / Allies) Da_FUQ: gold pls
(16:55 / Allies) ffffff: take this
(17:03 / Allies) Da_FUQ: you have 3k..
(17:08 / Allies) ffffff: tajkle IT FIRST
(17:11 / Allies) ffffff: INSTEAD OF AFK
(17:15 / Allies) ffffff: AND THEN IF U STIL NEED ILL GIVE
(17:19 / Allies) Da_FUQ: you have to be kidding me
(17:48 / Allies) ffffff: 5µ
(17:50 / Allies) ffffff: 5
(17:51 / Allies) ffffff: NOT 4
(17:54 / Allies) _______________: ty orange
(18:15 / Allies) _______________: b to tower
(18:15 / Allies) Da_FUQ: nice job
(18:49 / Allies) ffffff: dont fgo out
(19:37 / Allies) ffffff: TAKE IT NOW
(19:42 / Allies) Da_FUQ: we need gold and push
(19:47 / Allies) Da_FUQ: please use your brains
(19:51 / All) Artax707: 1
(19:55 / All) CSR: orange the type of person with too much time on his hands
(20:04 / All) bumponalog: aren't we all
(20:08 / All) _______________: just confused ladder with custom games
(20:11 / All) CSR: not really
(20:15 / All) Da_FUQ: orange is the reason why u didn't won last fight 8D
(20:17 / All) _______________: cant go play a td
(20:18 / All) bumponalog: why you playing a video game then?
(20:25 / All) CSR: because I find it fun in my "spare" time
(20:27 / All) CSR: the key is spare
(20:32 / All) CSR: onbiously ytou dont know that word
(20:33 / All) Da_FUQ: why u care
(20:35 / All) Da_FUQ: just play omg
(21:25 / Allies) Da_FUQ: OPEN YOUR EYES
(21:28 / Allies) Da_FUQ: omg
(21:34 / Allies) _______________: relax
(22:00 / Allies) _______________: too much]
(22:03 / Allies) Da_FUQ: b?
(22:07 / Allies) _______________: tp
(22:07 / Allies) _______________: b
(22:15 / Allies) bumponalog: fight at my tower
(22:16 / Allies) ffffff: fckkkkkkkkkk
(24:47 / Allies) bumponalog: brb
(24:50 / Allies) _______________: ty i go full food
(24:56 / All) CSR: haha honestly I might just leave this game I have never played against ppl more retarded
(25:00 / All) CSR: 0 micro skills all macro
(25:03 / All) Da_FUQ: xD
(25:03 / All) CSR: go play starcraft
(25:04 / Allies) bumponalog: gold me quick for dragon
(25:10 / Allies) bumponalog: 400 gold
(25:34 / Allies) bumponalog: brb
(25:56 / All) CSR: not gonna waste my time. Damn orange I can only say sorry for the life you live
(26:07 / All) _______________: lol
(26:13 / All) _______________: you take it too seriously
(26:20 / All) CSR: I might be only one not?
(26:20 / All) Artax707: think so too
(26:24 / All) CSR: you guys have 0 skills haba
(26:28 / All) CSR: pointless go play customer games
(28:02 / All) Da_FUQ: XD
(28:07 / All) Artax707: what a team
(28:08 / All) _______________: gg
(28:14 / All) Da_FUQ: Ty orange <3
(28:17 / All) Artax707: cant say you played well, we just sucked